 Dungeon Crawl Stone Soup version 0.26-a0-672-g1df16c3386 (webtiles) character file.

Game seed: 4479789932055664001

4 marklar909 the Skirmisher (level 1, -1/18 HPs)
             Began as a Formicid Abyssal Knight on Oct 19, 2020.
             Was an Initiate of Lugonu.
             Slain by a dart slug (2 damage)
             ... on level 1 of the Dungeon.
             The game lasted 00:00:53 (205 turns).

marklar909 the Skirmisher (Formicid Abyssal Knight)  Turns: 205, Time: 00:00:54

Health: -1/18      AC:  3    Str: 16    XL:     1   Next: 77%
Magic:  2/2        EV: 11    Int: 11    God:    Lugonu [......]
Gold:   20         SH:  0    Dex: 10    Spells: 0/0 levels left

rFire    . . .     SeeInvis +   a - +1 falchion
rCold    . . .     Faith    .   (no shield)
rNeg     . . .     Spirit   .   b - +0 leather armour
rPois    .         Reflect  .   (helmet unavailable)
rElec    .         Harm     .   (no cloak)
rCorr    .         Rampage  .   (no gloves)
MR       .....                  (no boots)
Stlth    +.........             (no amulet)
HPRegen  0.06/turn              (no ring)
MPRegen  0.08/turn              (no ring)

@: no status effects
A: permanent stasis, dig shafts and tunnels, four strong arms, antennae 3
a: Dig, Shaft Self, Renounce Religion


You were on level 1 of the Dungeon.
You worshipped Lugonu.
Lugonu was noncommittal.
You visited 1 branch of the dungeon, and saw 1 of its levels.
You visited the Abyss 1 time.

You collected 20 gold pieces.

Inventory:

Hand Weapons
 a - a +1 falchion (weapon)
Armour
 b - a +0 leather armour (worn)
Scrolls
 c - a scroll of blinking {unknown}
 e - a scroll of remove curse {unknown}
Potions
 d - a potion of lignification {unknown}


   Skills:
 + Level 3.5 Fighting
 + Level 2.0 Long Blades
 + Level 2.2 Armour
 + Level 0.8 Dodging
 + Level 2.2 Invocations


You couldn't memorise any spells.
You didn't know any spells.
Your spell library was empty.

Dungeon Overview and Level Annotations

Branches:
Dungeon (1/15)

Altars:


Innate Abilities, Weirdness & Mutations

You cannot be hasted, slowed, berserked, paralysed or teleported.
You can dig through walls and to a lower floor.
Your four strong arms can wield two-handed weapons with a shield.
You have a pair of large antennae on your head. (SInv)


Message History

The dart slug is almost dead.
The dart slug closely misses you.
You slash the dart slug!
You kill the dart slug!
Lugonu accepts your kill.
Unknown command.
The dart slug bites you but does no damage.
You see here a +0 short sword.
You hit the dart slug.
The dart slug is heavily wounded.
The dart slug bites you.
* * * LOW HITPOINT WARNING * * *
You hit the dart slug.
The dart slug is severely wounded.
The dart slug bites you but does no damage.
Unknown command.
You hit the dart slug but do no damage.
The dart slug is severely wounded.
The dart slug bites you.
You die...

..... ....# { #...#
... { ... ..########
... ... #.##.....#
#...# #.# #.##.###.#
..... #.# #.##.# #.#
...#.##.# #.##.# #.# #
.....#@####.##.###.#.#
#..#w#....##.#.....##
#....#...............
#.......##♣♣♣.♣♣♣##..
#.......# ♣⌠♣ ..
#....(..♣♣♣♣♣.♣♣♣♣♣..
#..........⌠.<.⌠..(..
#..(....♣♣♣♣♣.♣♣♣♣♣..
#.......# ♣⌠♣


You could see a dart slug.

Vanquished Creatures
  A dart slug (D:1)
  2 kobolds (D:1)
3 creatures vanquished.

Notes
Turn   | Place    | Note
-------+----------+-------------------------------------------
     0 | Abyss:1  | marklar909 the Formicid Abyssal Knight began the quest for
                  | the Orb.
     0 | Abyss:1  | Reached XP level 1. HP: 18/18 MP: 2/2
    15 | Abyss:1  | Noticed a fire bat
   108 | Abyss:3  | Noticed a sixfirhy
   136 | Abyss:3  | Noticed a starcursed mass
   139 | Abyss:3  | Noticed a wretched star
   141 | D:1      | Escaped the Abyss
   205 | D:1      | Slain by a dart slug

Illustrated notes

Levels and vault maps discovered:
D:1:      scummos_arrival_forest, layout_rooms

Action                   || total
-------------------------++-------
Melee: Falchion          ||    18
Invok: Depart the Abyss  ||     1
Armor: Leather armour    ||     5
Dodge: Dodged            ||    11
       Rpst.: Falchion   ||     3

Table legend: (Time is in decaauts)
 A = Elapsed time spent in this place.
 B = Non-inter-level travel time spent in this place.
 C = Inter-level travel time spent in this place.
 D = Time resting spent in this place.
 E = Time spent auto-exploring this place.
 F = Levels seen in this place.
 G = Mean time per level.
                   A        B        C        D        E       F      G
               +--------+--------+--------+--------+--------+-----+--------+
         Total |    208 |    208 |      0 |      0 |     39 |   4 |   52.0 |
       Dungeon |     67 |     67 |      0 |      0 |     32 |   1 |   67.0 |
         Abyss |    141 |    141 |      0 |      0 |      7 |   3 |   47.0 |
               +--------+--------+--------+--------+--------+-----+--------+

Top non-repeatable levels by time:
 Abyss:3: 84 daAuts
     D:1: 67 daAuts
 Abyss:2: 41 daAuts
 Abyss:1: 15 daAuts
